 Dungeon Crawl Stone Soup version 0.26-a0-1164-g1a551d6a14 (webtiles) character file.

Game seed: 8220444823805450232

49 sokol815 the Sneak (level 3, 0/26 HPs)
             Began as an Octopode Delver on Dec 23, 2020.
             Slain by Terence
             ... wielding a +0 hand axe
              (9 damage)
             ... on level 2 of the Dungeon.
             The game lasted 00:02:43 (979 turns).

sokol815 the Sneak (Octopode Delver)                 Turns: 979, Time: 00:02:43

Health: 0/26       AC:  1    Str: 11    XL:     3   Next: 77%
Magic:  3/3        EV: 13    Int: 12    God:
Gold:   41         SH:  0    Dex: 14    Spells: 2/2 levels left

rFire    . . .     SeeInvis .   a - +0 falchion
rCold    . . .     Faith    .   (no shield)
rNeg     . . .     Spirit   .   (helmet restricted)
rPois    .         Reflect  .   j - amulet of the acrobat
rElec    .         Harm     .   (no ring)
rCorr    .         Rampage  .   (no ring)
Will     .....                  (no ring)
Stlth    +++++.....             (no ring)
HPRegen  0.08/turn              (no ring)
MPRegen  0.08/turn              (no ring)
                                (no ring)
                                (no ring)

@: hasted, very quick
A: almost no armour, stealthy swim, amphibious, 8 rings, constrict 8, camouflage
1, gelatinous body 1
a: no special abilities


You were on level 2 of the Dungeon.
You visited 1 branch of the dungeon, and saw 5 of its levels.

You collected 41 gold pieces.

Inventory:

Hand Weapons
 a - a +0 falchion (weapon)
 b - a +0 dagger
   (You took it off a goblin on level 1 of the Dungeon)
Missiles
 h - 30 bolts
 o - 16 poisoned darts
 p - 66 stones (quivered)
Jewellery
 j - an amulet of the acrobat (around mantle)
   (You found it on level 2 of the Dungeon)
 k - an uncursed amulet of faith {Faith, !P}
   (You found it on level 1 of the Dungeon)
Wands
 f - a wand of digging (3)
 g - a wand of random effects (18)
   (You found it on level 5 of the Dungeon)
Scrolls
 c - a scroll of magic mapping {!r}
 d - 2 scrolls of fear
 i - a scroll of enchant armour {unknown}
 l - 2 scrolls of fog
 m - 3 scrolls of remove curse {unknown}
 n - 2 scrolls of teleportation {unknown}
Potions
 q - a potion of degeneration {unknown}


   Skills:
 - Level 3.0 Fighting
 + Level 2.7 Long Blades
 - Level 2.0 Dodging
 * Level 7.8 Stealth


You had 2 spell levels left.
You didn't know any spells.
Your spell library was empty.

Dungeon Overview and Level Annotations

Branches:
Dungeon (5/15)
 Temple: D:4-7

Altars:

Annotations:
D:2 Terence


Innate Abilities, Weirdness & Mutations

You cannot wear most types of armour.
You are very stealthy in the water. (Stealth+)
You are amphibious.
You can wear up to eight rings at the same time.
You can use your tentacles to constrict eight enemies at once.
Your skin changes colour to match your surroundings (Stealth+).
Your rubbery body absorbs attacks. (AC +1, EV +1)


Message History

You hit the goblin but do no damage. You squeeze the goblin.
You kill the goblin!
No target in view!
p - 48 stones (gained 1)
p - 49 stones (gained 1)
p - 50 stones (gained 1)
A bat comes into view.
Health restored: 26 You throw a stone.
The stone hits the bat.
You throw a stone. The stone closely misses the bat.
The bat hits you.
You take 1 damage, and have 25/26 hp.
You closely miss the bat. Your grab misses the bat. You squeeze the bat.
You kill the bat!
No target in view!
No target in view!
No target in view!
No target in view!
A bat comes into view.
Health restored: 26 You throw a stone.
The stone hits the bat.
You throw a stone.
The stone hits the bat but does no damage.
The bat completely misses you.
You barely miss the bat. Your grab misses the bat. The bat closely misses you.
You riposte.
You hit the bat but do no damage. Your grab misses the bat. You hit the bat.
You kill the bat!
No target in view!
p - 47 stones (gained 1)
You see here a bat corpse.
No target in view!
No target in view!
p - 48 stones (gained 1)
p - 49 stones (gained 1)
p - 67 stones (gained 18)
A goblin comes into view.
You throw a stone. The stone hits the goblin.
You throw a stone. The stone hits the goblin.
You throw a stone. The stone hits the goblin.
You throw a stone. The stone closely misses the goblin.
You throw a stone. The stone hits the goblin.
You kill the goblin!
No target in view!
No target in view!
You see here a goblin corpse.
p - 63 stones (gained 1)
p - 64 stones (gained 1)
p - 65 stones (gained 1)
p - 66 stones (gained 1)
There is a shaft here.
You now have 32 gold pieces (gained 3).
You now have 41 gold pieces (gained 9).
q - a smoky sapphire potion A bat comes into view.
You throw a stone.
The stone hits the bat but does no damage.
The bat hits you but does no damage.
You hit the bat.
You kill the bat!
No target in view!
No target in view!
p - 66 stones (gained 1) Done exploring.
(D) Dungeon
Where to? (Enter - D:4, ? - help)
You see here a +0 club.
There is a stone staircase leading down here.
You climb downwards.
Level annotation: Terence Terence hits you with a +0 hand axe!
There is a stone staircase leading up here.
You take 7 damage, and have 19/26 hp.
MASSIVE DAMAGE!!
You feel yourself speed up. Terence screams, "I want your blood!"
Terence hits you with a +0 hand axe.
You take 2 damage, and have 17/26 hp.
You hit Terence but do no damage. Your grab misses Terence.
Terence hits you but does no damage.
You closely miss Terence. You grab Terence.
You constrict Terence, but do no damage.
You hit Terence but do no damage.
You constrict Terence, but do no damage.
Terence closely misses you.
You hit Terence. You constrict Terence. Terence hits you with a +0 hand axe.
You take 2 damage, and have 15/26 hp.
You hit Terence.
You constrict Terence, but do no damage.
You hit Terence. You squeeze Terence, but do no damage.
You constrict Terence, but do no damage.
Terence hits you with a +0 hand axe.
You take 2 damage, and have 13/26 hp.
You hit Terence.
You constrict Terence, but do no damage.
Terence hits you with a +0 hand axe.
You take 4 damage, and have 9/26 hp.
You hit Terence but do no damage. You constrict Terence.
You hit Terence but do no damage. You squeeze Terence. You constrict Terence.
Terence hits you with a +0 hand axe!
You die...

#.......!.#
#.........# #
#.........#
#.##.........#
# ....?.)...<#
#.##.........##
#..............
#@..>.....#
#@........#
##........#
#.######.# #.#
# #.# ..# #..
##.


You could see Terence.

Vanquished Creatures
  A gnoll (D:1)
  An ooze (D:1)
  A worm (D:4)
  An adder skeleton (D:4)
  A dart slug (D:1)
  A leopard gecko (D:1)
  2 giant cockroaches (D:1)
  6 goblins (D:1)
  3 hobgoblins (D:1)
  A quokka (D:3)
  4 bats (D:1)
  A frilled lizard (D:1)
  3 rats (D:1)
26 creatures vanquished.

Notes
Turn   | Place    | Note
-------+----------+-------------------------------------------
     0 | D:5      | sokol815 the Octopode Delver began the quest for the Orb.
     0 | D:5      | Reached XP level 1. HP: 16/16 MP: 1/1
    43 | D:4      | Reached skill level 7 in Stealth
    43 | D:4      | Reached XP level 2. HP: 21/21 MP: 2/2
    84 | D:2      | Noticed Terence
   149 | D:1      | Reached XP level 3. HP: 20/26 MP: 3/3
   979 | D:2      | Slain by Terence

Illustrated notes

Levels and vault maps discovered:
D:1:      wander_arrival_desolate, layout_basic, serial_park_tiny_pond
D:2:      layout_loops_ring, grunt_temple_overflow_magic_moments,
          chequers_serial_rivers_large_b, minmay_3d_cube, uniq_terence
D:3:      layout_loops_corners, cheibriados_altar_1
D:4:      layout_loops_ring, old_standard_altar, minmay_lizard_king
D:5:      layout_rooms, grunt_temple_overflow_open,
          minmay_temple_entry_glassed_door, lemuel_flame_loot_1, uniq_grinder,
          uniq_eustachio, uniq_pikel

Skill      XL: |  1 |
---------------+----+-----
Stealth        | 7 |  7.8
Fighting       | |  3.0
Long Blades    | |  2.7
Dodging        | |  2.0

Action                   || total
-------------------------++-------
Melee: Falchion          ||    48
       Constrict         ||    12
       Tentacles         ||     9
Throw: Stone             ||    32
  Use: Potion            ||     1
 Stab: Sleeping          ||     4
Armor: Skin              ||     6
Dodge: Dodged            ||    22
       Rpst.: Falchion   ||     8

Table legend: (Time is in decaauts)
 A = Elapsed time spent in this place.
 B = Non-inter-level travel time spent in this place.
 C = Inter-level travel time spent in this place.
 D = Time resting spent in this place.
 E = Time spent auto-exploring this place.
 F = Levels seen in this place.
 G = Mean time per level.
                   A        B        C        D        E       F      G
               +--------+--------+--------+--------+--------+-----+--------+
         Total |    986 |    926 |     60 |     80 |    592 |   5 |  197.2 |
       Dungeon |    986 |    926 |     60 |     80 |    592 |   5 |  197.2 |
               +--------+--------+--------+--------+--------+-----+--------+

Top non-repeatable levels by time:
     D:1: 886 daAuts
     D:4: 45 daAuts
     D:3: 23 daAuts
     D:5: 17 daAuts
     D:2: 15 daAuts

Table legend:
 A = Kills in this place as a percentage of kills in entire the game.
 B = Kills by you in this place as a percentage of kills by you in the entire game.
 C = Kills by friends in this place as a percentage of kills by friends in the entire game.
 D = Other kills in this place as a percentage of other kills in the entire game.
 E = Experience gained in this place as a percentage of experience gained in the entire game.
 F = Experience gained in this place divided by the number of levels of this place that you have seen.
                   A       B       C       D       E      F
               +-------+-------+-------+-------+-------+----------------------
         Total | 100.0 | 100.0 |   N/A |   N/A | 100.0 |  14.2
       Dungeon | 100.0 | 100.0 |   N/A |   N/A | 100.0 |  14.2
               +-------+-------+-------+-------+-------+----------------------
